[Event "Hull 4NCL GM Norm Tournament"]
[Site "Canham Turner Centre"]
[Date "2022.10.15"]
[Round "6.2"]
[White "Harvey, Marcus R"]
[Black "Royal, Shreyas"]
[Result "1-0"]
[TimeControl "1hr30 + 30sec inc"]
[WhiteElo "2463"]
[BlackElo "2431"]

1. c4 Nf6 2. Nc3 e5 3. Nf3 Nc6 4. e3 Bb4 5. Qb3 Bxc3 6. Qxc3 Qe7 7. d4 Ne4 8. Qd3 exd4 9. Nxd4 Nc5 10.
Qd1 Nxd4 11. Qxd4 O-O 12. Be2 b6 13. Bf3 Bb7 14. Bxb7 Nxb7 15. Bd2 Nc5 16. Bc3 Ne6 17. Qd5 Nf4 18.
Qd4 Ne6 19. Qd2 a5 20. Rd1 d6 21. O-O Rae8 22. e4 Qh4 23. f3 Nc5 24. Bd4 Qh5 25. Qf2 Re6 26. e5 dxe5 27. Bxc5 bxc5 28.
Qxc5 Rh6 29. h3 Qg5 30. f4 Qg6 31. Qxc7 exf4 32. b3 Qe6 33. Qxf4 Rf6 34. Qd4 Rg6 35. Rf3 Qe2 36. Rf2 Qe6 37.
Qd5 Qb6 38. c5 Qc7 39. a3 Re6 40. b4 Rfe8 41. Rdf1 R6e7 42. Qc4 Rc8 43. Rf4 h6 44. Rf5 g6 45. Rf6 Kg7 46. Qd4 Kg8 47.
Qd5 Kg7 48. Kh1 axb4 49. axb4 Rb8 50. Rxf7+ 1-0

[Event "Hull 4NCL GM Norm Tournament"]
[Site "Canham Turner Centre"]
[Date "2022.10.15"]
[Round "6.3"]
[White "Willow, Jonah B"]
[Black "Burg, Twan"]
[Result "0-1"]
[TimeControl "1hr30 + 30sec inc"]
[WhiteElo "2395"]
[BlackElo "2511"]

1. e4 c5 2. Nf3 d6 3. d4 cxd4 4. Nxd4 Nf6 5. Nc3 a6 6. h3 e5 7. Nb3 h5 8. Be3 Nbd7 9. f4 b5 10.
Qf3 Bb7 11. a4 b4 12. Nd5 Nxd5 13. exd5 Nf6 14. fxe5 dxe5 15. O-O-O Bxd5 16. Qe2 Qc7 17. Kb1 Be7 18. Bg5 Bb7 19.
Rg1 Rc8 20. g4 hxg4 21. hxg4 Ne4 22. Bxe7 Kxe7 23. Rc1 Nc5 24. Bg2 Rh2 25. Nd4 Bxg2 26. Rxg2 Rxg2 27. Nf5+ Kf8 28. Rh1 Rg1+ 29.
Rxg1 g6 30. Ne3 e4 31. Rh1 Qe5 32. Qd2 b3 33. Nc4 bxc2+ 34. Qxc2 Qd4 35. Nb6 Rc6 36. a5 Qd3 37. Qxd3 Nxd3 38.
Nd5 Kg7 39. g5 Rc5 40. Nf6 Rxg5 41. Nxe4 Rxa5 0-1

[Event "Hull 4NCL GM Norm Tournament"]
[Site "Canham Turner Centre"]
[Date "2022.10.15"]
[Round "6.4"]
[White "Wadsworth, Matthew J"]
[Black "Czopor, Maciej"]
[Result "1-0"]
[TimeControl "1hr30 + 30sec inc"]
[WhiteElo "2467"]
[BlackElo "2424"]

1. Nf3 Nf6 2. c4 e6 3. g3 d5 4. Bg2 d4 5. d3 Bb4+ 6. Bd2 a5 7. O-O O-O 8. e3 Nc6 9. exd4 Nxd4 10.
Nc3 Nxf3+ 11. Qxf3 e5 12. Bg5 Bxc3 13. bxc3 Ra6 14. Rfe1 Re8 15. d4 exd4 16. cxd4 h6 17. Rxe8+ Qxe8 18.
Bf4 Qd8 19. d5 Bg4 20. Qe3 Qd7 21. Qc5 Ne8 22. Re1 Nd6 23. h3 Bf5 24. g4 Bg6 25. Qe3 Nxc4 26. Qe8+ Qxe8 27. Rxe8+ Kh7 28.
Bxc7 b5 29. Rd8 a4 30. d6 b4 31. d7 b3 32. axb3 axb3 33. Rb8 Ra1+ 34. Bf1 Nd2 35. d8=Q Rxf1+ 36. Kg2 Be4+ 37. Kg3 b2 38.
Qg8+ Kg6 39. Rb6+ f6 40. h4 Rg1+ 41. Kf4 Rxg4+ 42. Kxg4 h5+ 43. Kg3 b1=Q 44. Qe8+ 1-0

[Event "Hull 4NCL GM Norm Tournament"]
[Site "Canham Turner Centre"]
[Date "2022.10.15"]
[Round "6.5"]
[White "Nagy, Gabor"]
[Black "Jackson, James P"]
[Result "1/2-1/2"]
[TimeControl "1hr30 + 30sec inc"]
[WhiteElo "2488"]
[BlackElo "2408"]

1. d4 Nf6 2. Nf3 g6 3. Nbd2 Bg7 4. e4 d6 5. Bb5+ c6 6. Bd3 O-O 7. O-O c5 8. c3 Nc6 9. d5 Nb8 10.
h3 e6 11. dxe6 Bxe6 12. Ng5 Bc8 13. Nc4 Nc6 14. Bc2 h6 15. Nf3 d5 16. exd5 Nxd5 17. Re1 b5 18. Nce5 Nxe5 19. Nxe5 Re8 20.
Ng4 1/2-1/2

[ePGN "0.1;DGT LiveChess/2.2.5"]

[Event "Hull 4NCL GM Norm Tournament"]
[Site "Canham Turner Centre"]
[Date "2022.10.15"]
[Round "7.1"]
[White "Jackson, James P"]
[Black "Sarakauskas, Gediminas"]
[Result "0-1"]
[TimeControl "1hr30 + 30sec inc"]
[WhiteElo "2408"]
[BlackElo "2395"]

1. e4 e5 2. Nf3 Nc6 3. Bc4 Bc5 4. c3 Nf6 5. d4 exd4 6. e5 d5 7. Bb5 Ne4 8. cxd4 Bb6 9. Nc3 O-O 10.
Be3 Ne7 11. Bd3 Nxc3 12. bxc3 Bf5 13. O-O Qd7 14. Nh4 Bxd3 15. Qxd3 Rac8 16. Bg5 f6 17. exf6 gxf6 18. Bh6 Rf7 19.
Qf3 c5 20. Rae1 cxd4 21. cxd4 Bxd4 22. Rxe7 Rxe7 23. Nf5 Re4 24. Qg3+ Kf7 25. Nd6+ Ke6 26. Nxc8 Qxc8 27. Bf4 Kf7 28.
Bh6 Qg4 29. Qc7+ Re7 30. Qa5 Qf5 31. Qd2 Bb6 32. Bf4 d4 33. Bd6 Re6 34. Bb4 a5 35. Ba3 d3 36. Qc3 Kg7 37. Qb2 Qe5 38.
Qd2 Qe2 39. Bc1 Qxd2 40. Bxd2 Re2 41. Rd1 Rxf2 42. Kh1 Bd4 43. g3 b6 44. a4 Kf7 45. Bf4 Ra2 46. Rxd3 Rxa4 47. Kg2 Ke6 48.
Kf3 Rc4 49. Kg4 b5 50. Kh5 b4 51. Kh6 a4 52. Bc1 Rxc1 53. Rxd4 Rb1 0-1

[Event "Hull 4NCL GM Norm Tournament"]
[Site "Canham Turner Centre"]
[Date "2022.10.15"]
[Round "7.2"]
[White "Czopor, Maciej"]
[Black "Nagy, Gabor"]
[Result "1/2-1/2"]
[TimeControl "1hr30 + 30sec inc"]
[WhiteElo "2424"]
[BlackElo "2488"]

1. e4 e5 2. Nf3 Nc6 3. d4 exd4 4. Nxd4 Bc5 5. Nb3 Bb4+ 6. c3 Be7 7. Bc4 Nf6 8. O-O O-O 9. Re1 d6 10.
Bf1 d5 1/2-1/2

[Event "Hull 4NCL GM Norm Tournament"]
[Site "Canham Turner Centre"]
[Date "2022.10.15"]
[Round "7.3"]
[White "Burg, Twan"]
[Black "Wadsworth, Matthew J"]
[Result "1-0"]
[TimeControl "1hr30 + 30sec inc"]
[WhiteElo "2511"]
[BlackElo "2467"]

1. e4 e6 2. d4 d5 3. Nd2 Be7 4. e5 c5 5. c3 cxd4 6. cxd4 Qb6 7. Ndf3 Bd7 8. Bd3 Bb5 9. Ne2 Bb4+ 10.
Nc3 Bxd3 11. Qxd3 Qa6 12. Qxa6 Nxa6 13. Bd2 Bxc3 14. Bxc3 b5 15. Ke2 Ne7 16. Bd2 Kd7 17. h4 h5 18.
Rac1 b4 19. b3 Nf5 20. Kd3 f6 21. Rcg1 Rab8 22. g4 hxg4 23. Rxg4 Ke7 24. h5 Kf7 25. h6 Rbc8 26. Rhg1 gxh6 27.
exf6 Kxf6 28. Rg6+ Ke7 29. Re1 Rc6 30. Ne5 Rb6 31. Rc1 Re8 32. Bxh6 Nxh6 33. Rxh6 Nb8 34. Rh7+ Kd8 35. Rhc7 Rf8 36.
Rc8+ 1-0

[Event "Hull 4NCL GM Norm Tournament"]
[Site "Canham Turner Centre"]
[Date "2022.10.15"]
[Round "7.4"]
[White "Royal, Shreyas"]
[Black "Willow, Jonah B"]
[Result "1/2-1/2"]
[TimeControl "1hr30 + 30sec inc"]
[WhiteElo "2431"]
[BlackElo "2395"]

1. d4 Nf6 2. c4 e6 3. Nf3 d5 4. g3 Bb4+ 5. Bd2 Be7 6. Bg2 O-O 7. O-O dxc4 8. Qc2 b5 9. Ne5 Nd5 10.
a4 f6 11. Nf3 c6 12. Rd1 Na6 13. Nc3 Rb8 14. h4 Nab4 15. Qb1 a5 16. h5 Bd7 17. h6 Be8 18. hxg7 Kxg7 19. Nh4 Bg6 20.
Nxg6 hxg6 21. axb5 cxb5 22. e4 Nxc3 23. bxc3 Nd3 24. Bf1 b4 25. Bxd3 bxc3 26. Bh6+ Kxh6 27. Qc1+ Kg7 28. Bxc4 Rb4 29.
Bxe6 Rxd4 30. Bd5 Rxd1+ 31. Qxd1 Qc7 32. Qc2 Rh8 33. Rd1 Qc8 34. Qe2 Rh5 35. Bb3 Bc5 36. Qd3 Kh6 37. Qf3 Qh3 38.
Qf4+ Kg7 39. Qc7+ Kh6 40. Qf4+ Kg7 41. Qc7+ Kh6 1/2-1/2

[Event "Hull 4NCL GM Norm Tournament"]
[Site "Canham Turner Centre"]
[Date "2022.10.15"]
[Round "7.5"]
[White "Turner, Matthew J"]
[Black "Harvey, Marcus R"]
[Result "1/2-1/2"]
[TimeControl "1hr30 + 30sec inc"]
[WhiteElo "2461"]
[BlackElo "2463"]

1. d4 Nf6 2. Nf3 e6 3. Bg5 h6 4. Bxf6 Qxf6 5. e4 d5 6. Nc3 Bb4 7. Bd3 dxe4 8. Bxe4 O-O 9. O-O Rd8 10.
Qe2 Nd7 11. Rad1 Qe7 12. Ne5 Nf6 13. Bf3 c6 14. Ne4 Bd7 15. Nxf6+ Qxf6 16. Rd3 Be8 17. Bh5 g6 18. Bf3 Bf8 19.
Rfd1 Bg7 20. g3 Qe7 21. Kg2 Qc7 22. h4 Rd6 23. Nc4 Rd7 24. Ne5 Rd6 25. Nc4 Rd7 26. Ne5 Re7 27. b4 Rd8 28.
a3 a5 29. c4 axb4 30. axb4 Qb6 31. Qe1 Ra8 32. c5 Qa6 33. Be2 Qa7 34. Nc4 Rd8 35. Bf3 Red7 36. Qe3 Qb8 37. Nb6 Re7 38.
d5 cxd5 39. Rxd5 Rxd5 40. Rxd5 Bb5 41. Rd6 Re8 42. Qe4 Bc3 43. Nd7 Qa7 44. Qxb7 Qxb7 45. Bxb7 Kg7 46. Bc6 Bxc6+ 47. Rxc6 Rd8 48.
Rc7 Bxb4 49. Rb7 Rxd7 50. Rxd7 Bxc5 51. f4 h5 1/2-1/2

[ePGN "0.1;DGT LiveChess/2.2.5"]

[Event "Hull 4NCL GM Norm Tournament"]
[Site "Canham Turner Centre"]
[Date "2022.10.16"]
[Round "8.1"]
[White "Sarakauskas, Gediminas"]
[Black "Harvey, Marcus R"]
[Result "1/2-1/2"]
[TimeControl "1hr30 + 30sec inc"]
[WhiteElo "2395"]
[BlackElo "2463"]

1. e4 c6 2. d4 d5 3. Nc3 dxe4 4. Nxe4 Nd7 5. Nf3 Ngf6 6. Nxf6+ Nxf6 7. Bc4 Bf5 8. O-O e6 9. h3 h6 10.
c3 Bd6 11. Re1 O-O 12. Bd3 Bxd3 13. Qxd3 Nd5 14. Qe4 Qf6 15. Ne5 Rfd8 16. Ng4 Qe7 17. Qf3 Kh7 18. Ne3 Qf6 19. Qe4+ Kh8 20.
Nxd5 cxd5 21. Qg4 b5 22. Re3 Kh7 23. Rf3 Qg6 24. Bf4 Qxg4 25. hxg4 Be7 26. Bc7 Rdc8 27. Ba5 Kg6 28. a3 Rc6 29.
Bb4 Bf8 30. Kf1 a5 31. Bxf8 Rxf8 32.
Ke2 Rb8 33. Kd3 Rb7 34. b3 Kg5 35. Rh3 Rbc7 36. Rc1 Rc8 37. Rf3 R6c7 38. Re3 Rg8 39. Rg3 Rc6 40. Ke3 Rgc8 41. f4+ Kg6 42.
Kd3 Ra8 43. Ra1 b4 44. c4 dxc4+ 45. bxc4 Rb8 46. Re3 b3 47. Re5 b2 48. Rb1 Rb3+ 49. Kc2 Rxa3 50. c5 Rg3 51. Rxb2 a4 52. Rb6 Rxb6 53. cxb6 Rb3 54.
Ra5 Rxb6 55. Rxa4 Kf6 56. Ra2 Rb8 57. Kd3 Rb3+ 58. Ke4 Rg3 59. Rd2 g5 60. fxg5+ hxg5 61. d5 Rxg4+ 62. Kf3 Rf4+ 63. Ke3 exd5 64.
Rxd5 Kg6 65. Rd8 Kh5 66. Rh8+ Kg4 67. Rh3 f5 68. Ke2 Ra4 69. Kf2 f4 70. Kg1 Kf5 71. Rh8 Ra2 72. Rf8+ Kg4 73.
Rh8 Rb2 74. Rh7 Kf5 75. Rh8 g4 76. Kf1 Kg5 77. Kg1 Rb1+ 78. Kf2 Rb2+ 79. Kf1 Ra2 80. Kg1 Ra1+ 81. Kf2 g3+ 82. Ke2 Ra2+ 83.
Kf1 Ra1+ 84. Ke2 Rg1 85. Rg8+ Kf5 86. Rf8+ Kg5 87. Rg8+ Kf5 88. Rf8+ Ke5 89. Re8+ Kd5 90. Rd8+ Ke6 91.
Kf3 Rf1+ 92. Kg4 Ke5 93. Re8+ Kd4 94. Re7 Kd3 95. Re8 Rf2 96. Kh3 Re2 97. Ra8 Kd2 98. Ra4 Ke3 99. Ra3+ Ke4 100.
Ra4+ Kf5 101. Ra8 Re6 102. Ra5+ Re5 103. Ra8 Re7 104. Ra5+ Ke4 105. Ra4+ Ke3 106. Ra3+ Ke4 107. Ra4+ Kf5 108.
Ra5+ Re5 109. Ra8 Rd5 110. Ra7 Rd8 111. Rf7+ Kg5 112. Rg7+ Kf5 113. Rf7+ Kg5 114. Rg7+ Kf6 115. Ra7 Kf5 116.
Rf7+ Ke4 117. Re7+ Kd3 118. Kg4 Rd4 119.
Kf3 Kd2 120. Re2+ Kd1 121. Ra2 Rd3+ 122. Kxf4 Ke1 123. Kg4 Kf1 124. Kh3 Kg1 125. Ra1+ Kf2 126. Ra2+ Kg1 127. Ra1+ Kf2 128.
Ra2+ Kg1 1/2-1/2

[Event "Hull 4NCL GM Norm Tournament"]
[Site "Canham Turner Centre"]
[Date "2022.10.16"]
[Round "8.2"]
[White "Willow, Jonah B"]
[Black "Turner, Matthew J"]
[Result "1-0"]
[TimeControl "1hr30 + 30sec inc"]
[WhiteElo "2395"]
[BlackElo "2461"]

1. e4 e5 2. Nf3 Nc6 3. Nc3 Nf6 4. a3 Be7 5. d4 exd4 6. Nxd4 d6 7. Bb5 Bd7 8. Nxc6 bxc6 9. Bd3 Ng4 10.
Be2 Ne5 11. f4 Ng6 12. O-O O-O 13. Bd3 Bf6 14. Bd2 c5 15. Kh1 Bc6 16. Qh5 Re8 17. Rae1 Bd4 18. b3 Nf8 19. Nb5 g6 20.
Qd1 Bg7 21. Ba5 Re7 22. f5 a6 23. f6 axb5 24. Bc3 Nd7 25. fxe7 Qxe7 26. Bxg7 Kxg7 27. Qe2 Rxa3 28. Bxb5 Bxb5 29.
Qxb5 Ne5 30. Qe2 c4 31. Ra1 Rxa1 32. Rxa1 cxb3 33. cxb3 Qe6 34. b4 Qb3 35. b5 c6 36. bxc6 Qc3 37.
Rd1 Qxc6 38. Qe3 f6 39.
Qd4 1-0

[Event "Hull 4NCL GM Norm Tournament"]
[Site "Canham Turner Centre"]
[Date "2022.10.16"]
[Round "8.3"]
[White "Wadsworth, Matthew J"]
[Black "Royal, Shreyas"]
[Result "0-1"]
[TimeControl "1hr30 + 30sec inc"]
[WhiteElo "2467"]
[BlackElo "2431"]

1. Nf3 d5 2. c4 e6 3. g3 Nf6 4. Bg2 dxc4 5. Qa4+ c6 6. Qxc4 b5 7. Qb3 Bb7 8. d4 a6 9. Ne5 Qxd4 10.
Nd3 Qb6 11. O-O c5 12. Nf4 Bxg2 13. Kxg2 Qc6+ 14. Kg1 Nbd7 15. a4 Rb8 16. Rd1 c4 17. axb5 axb5 18. Qf3 Qxf3 19. exf3 Bc5 20.
b3 O-O 21. Bb2 Nb6 22. Rc1 Nfd5 23. bxc4 Nxf4 24. gxf4 Nxc4 25. Bc3 Rfd8 26. Kf1 Bd6 27. Ke2 Bxf4 28. Rg1 e5 29. Bb4 Rd7 30.
h4 Nb6 31. Nc3 Rd2+ 32. Kf1 Nd5 33. Bd6 Rc8 34. Ne4 Rdc2 35. Ra7 Rc1+ 36. Kg2 Ne3+ 37. fxe3 Rxg1+ 38. Kxg1 Bxe3+ 0-1

[Event "Hull 4NCL GM Norm Tournament"]
[Site "Canham Turner Centre"]
[Date "2022.10.16"]
[Round "8.5"]
[White "Jackson, James P"]
[Black "Czopor, Maciej"]
[Result "0-1"]
[TimeControl "1hr30 + 30sec inc"]
[WhiteElo "2408"]
[BlackElo "2424"]

1. e4 c5 2. Nf3 e6 3. c3 Nf6 4. e5 Nd5 5. d4 cxd4 6. cxd4 b6 7. Bc4 Ba6 8. Bxa6 Nxa6 9. O-O Be7 10.
Nbd2 O-O 11. Ne4 Nac7 12. Bg5 f6 13. Bd2 f5 14. Nc3 Qc8 15. Qe2 Qb7 16. Rfc1 Rfc8 17. Ne1 b5 18. Nd3 Nxc3 19.
Rxc3 Nd5 20. Rb3 Rc4 21. a4 Qa6 22. a5 Rxd4 23. Ne1 Rc8 24. Nf3 Rdc4 25. Rd3 Re4 26. Qd1 b4 27. Bg5 Bxg5 28.
Nxg5 Re1+ 29. Qxe1 Qxd3 30. Rd1 Qc2 31. g3 h6 32. Nf3 Qxb2 33. Kg2 Qc3 34. Qe2 Qc4 35. Qe1 Qe4 0-1

[ePGN "0.1;DGT LiveChess/2.2.5"]

[Event "Hull 4NCL GM Norm Tournament"]
[Site "Canham Turner Centre"]
[Date "2022.10.16"]
[Round "9.1"]
[White "Czopor, Maciej"]
[Black "Sarakauskas, Gediminas"]
[Result "1-0"]
[TimeControl "1hr30 + 30sec inc"]
[WhiteElo "2424"]
[BlackElo "2395"]

1. e4 e5 2. Nf3 Nc6 3. d4 exd4 4. Nxd4 Bb4+ 5. c3 Bc5 6. Be3 Bb6 7. Nf5 Bxe3 8. Nxe3 Nf6 9. f3 O-O 10.
c4 d6 11. Nc3 Nd7 12. Qd2 Nc5 13. O-O-O a5 14. g4 Qh4 15. Kb1 a4 16. Ncd5 Qd8 17. h4 Be6 18. g5 Kh8 19. Be2 f5 20.
gxf6 gxf6 21. Qc3 Ne5 22. Rhg1 Bxd5 23.
cxd5 Rg8 24. Nf5 Qd7 25. Qe3 Rxg1 26. Rxg1 Rg8 27. Rxg8+ Kxg8 28. f4 Ng6 29. h5 Nf8 30. Qd4 Qe8 31. Bf3 Kf7 32. Qg1 Qd8 33.
Qg7+ Ke8 34. h6 1-0

[Event "Hull 4NCL GM Norm Tournament"]
[Site "Canham Turner Centre"]
[Date "2022.10.16"]
[Round "9.2"]
[White "Burg, Twan"]
[Black "Jackson, James P"]
[Result "1/2-1/2"]
[TimeControl "1hr30 + 30sec inc"]
[WhiteElo "2511"]
[BlackElo "2408"]

1. e4 e5 2. Nf3 Nc6 3. Bb5 a6 4. Ba4 d6 5. c3 Bd7 6. O-O g5 7. d4 g4 8. Ne1 Bh6 9. Bxh6 Nxh6 10.
Qd2 Qf6 11. f4 exd4 12. e5 Qg7 13. cxd4 O-O-O 14. Bxc6 Bxc6 15. Nc3 Nf5 16. Nc2 g3 17. h3 Rhe8 18. Nb4 dxe5 19. Nxc6 bxc6 20.
Qd3 e4 21. Qxa6+ Kb8 22. Nb5 cxb5 23. Qxb5+ Ka8 24. Qa6+ Kb8 25. Qb5+ Ka8 26. Qa6+ Kb8 1/2-1/2

[Event "Hull 4NCL GM Norm Tournament"]
[Site "Canham Turner Centre"]
[Date "2022.10.16"]
[Round "9.3"]
[White "Royal, Shreyas"]
[Black "Nagy, Gabor"]
[Result "1-0"]
[TimeControl "1hr30 + 30sec inc"]
[WhiteElo "2431"]
[BlackElo "2488"]

1. d4 d5 2. c4 e6 3. Nf3 dxc4 4. e3 a6 5. Bxc4 Nf6 6. O-O Nbd7 7. b3 c5 8. Bb2 b5 9. Be2 Bb7 10.
a4 bxa4 11. Rxa4 Be7 12. Nbd2 O-O 13. Ne5 Nb6 14. Ra1 Nfd5 15. Bf3 Rb8 16. Rc1 cxd4 17. Bxd4 Qe8 18. e4 Rd8 19. exd5 Nxd5 20.
Nd3 Nb4 21. Rc4 Nxd3 22. Bxb7 Bb4 23. Ne4 Nb2 24. Qg4 1-0

[Event "Hull 4NCL GM Norm Tournament"]
[Site "Canham Turner Centre"]
[Date "2022.10.16"]
[Round "9.4"]
[White "Turner, Matthew J"]
[Black "Wadsworth, Matthew J"]
[Result "1/2-1/2"]
[TimeControl "1hr30 + 30sec inc"]
[WhiteElo "2461"]
[BlackElo "2467"]

1. d4 d5 2. Nf3 Nf6 3. c4 c6 4. cxd5 cxd5 5. Nc3 Nc6 6. Bf4 Bf5 7. e3 e6 8. Qb3 Bb4 9. Be2 O-O 10.
O-O Nh5 11. Ne5 Nxf4 12. Nxc6 bxc6 13. Qxb4 Rb8 14. Qa3 Nxe2+ 15. Nxe2 Qb6 16. b3 Bd3 17. Rfe1 Rfc8 18. Rac1 a5 19.
Rc5 a4 20. Nc1 Bb5 21. h3 axb3 22. axb3 Ra8 23. Qb2 Qa5 24. Qc3 Qxc3 25. Rxc3 Ra3 26. Nd3 Bxd3 27. Rxd3 Rb8 28. Rc1 Raxb3 1/2-1/2

[Event "Hull 4NCL GM Norm Tournament"]
[Site "Canham Turner Centre"]
[Date "2022.10.16"]
[Round "9.5"]
[White "Harvey, Marcus R"]
[Black "Willow, Jonah B"]
[Result "1/2-1/2"]
[TimeControl "1hr30 + 30sec inc"]
[WhiteElo "2463"]
[BlackElo "2395"]

1. c4 e5 2. Nc3 Nc6 3. Nf3 f5 4. d4 e4 5. Ng1 Bb4 6. Bd2 Nf6 7. e3 d6 8. Nh3 O-O 9. Nf4 Bxc3 10.
Bxc3 g5 11. Nh5 Bd7 12. h4 Nxh5 13. Qxh5 g4 14. Qh6 Qe7 15. Be2 a5 16. O-O-O Nb4 17. Kb1 f4 18. Rd2 f3 19. Bd1 d5 20.
cxd5 Nxd5 21. Bb3 c6 22. Qh5 Bf5 23. g3 Kg7 24. Qg5+ Qxg5 25. hxg5 Kg6 26. Rc2 Kxg5 27. Bd2 Ne7 28.
a3 h5 29. d5 Nxd5 30. Bxd5 cxd5 31. Bc3 Bd7 32. Be5 Bc6 33. Rc5 Rfe8 34. Bd4 Re6 35. b3 Rh6 36. Rh4 Kf5 37. Kb2 Ke6 38.
Rc1 Kf7 39. Rc5 Ke7 40. Rc1 Rg8 41. Rc5 b6 42. Rc1 Bd7 43. Rch1 Be8 44. Rc1 Kd7 45. Be5 Rc6 46. Rxc6 Kxc6 47.
Rh1 Kb7 48. Rc1 Bc6 49. Rh1 Be8 50. Rc1 Bc6 51. Rh1 1/2-1/2